Map: Data-C

Players

Zergnition

  • Race: Zerg Zerg
  • League: Diamond
  • Spawn Location: 9:00

KumikoChan - Winner!

  • Race: Protoss Protoss
  • League: Diamond
  • Spawn Location: 3:00

VOD

Have the link to the VOD?

Description

Protoss starts off with a cannon rush into high eco voidray/skytoss. The zerg attempts to scout multiple times, but scouting is denied and does not see tech/unit comp.

The zerg plans to do a 52 drone roach speed timing off 4 gas 3 base, only to discover (after pumping roaches for the timing) that protoss is playing mass voidray syktoss. This puts the zerg massively behind in terms of economy/tech. In a last ditch effort, zerg drones to 66 and attempts a maxed out roach hydra all in. Zerg panics and does not group up the entire army when attacking, and also does not back off battery overcharge. The engagement goes horribly, ending the game.

Time

  • Played on: Oct. 28, 2022, 2:01 p.m.
  • Length: 10:06
Show
View Real Time Build Order
Export as new Build Order

Zergnition Zerg 

Build Orders: Pool First 

Get SALT Encoding   

  12  0:00  Drone  
  13  0:12  Overlord  
  13  0:16  Drone  
  14  0:30  Drone x2  
  14  0:34  Drone  
  17  0:45  Spawning Pool  
  17  0:49  Drone  
  17  1:10  Hatchery  
  16  1:13  Drone  
  16  1:16  Extractor  
  16  1:17  Drone  
  17  1:23  Drone  
  18  1:41  Zergling x2  
  18  1:42  Zergling x2  
  20  1:51  Zergling x2  
  22  2:01  Zergling x2  
  22  2:17  Overlord  
  20  2:24  Queen  
  22  2:32  Queen  
  24  2:42  Overlord  
  24  2:48  Drone  
  24  2:50  Drone  
  26  2:52  Drone  
  26  2:55  Drone  
  27  3:21  Metabolic Boost  
  27  3:23  Drone  
  27  3:25  Hatchery  
  27  3:26  Drone  
  28  3:30  Drone  
  28  3:32  Drone  
  30  3:40  Queen  
  32  3:45  Overlord  
  32  3:47  Drone  
  33  3:50  Drone  
  33  3:52  Drone  
  33  3:54  Drone  
  36  3:56  Zergling x2  
  36  3:59  Drone  
  36  4:01  Drone  
  39  4:04  Drone  
  39  4:05  Drone  
  41  4:12  Zergling x2  
  41  4:13  Zergling x4  
  44  4:18  Spore Crawler  
  44  4:22  Queen  
  45  4:25  Spore Crawler  
  45  4:27  Drone x2  
  45  4:29  Drone  
  46  4:37  Drone  
  46  4:38  Drone x3  
  50  4:43  Lair  
  50  4:46  Drone  
  50  4:47  Drone  
  51  4:54  Drone  
  51  4:55  Drone x4  
  51  4:57  Drone  
  51  4:58  Drone  
  56  5:00  Drone  
  56  5:07  Roach Warren  
  56  5:08  Extractor x2  
  56  5:11  Extractor  
  56  5:14  Overlord x2  
  52  5:17  Drone x2  
  52  5:19  Drone  
  55  5:24  Drone x2  
  55  5:27  Overlord  
  55  5:28  Overlord  
  57  5:39  Drone  
  57  5:40  Drone x2  
  60  5:45  Overlord  
  60  5:46  Overlord  
  60  5:48  Glial Reconstitution  
  62  5:50  Roach x5  
  70  5:58  Overseer  
  70  6:01  Overseer  
  70  6:02  Roach  
  70  6:03  Roach x2  
  76  6:08  Extractor, Roach  
  76  6:09  Extractor, Roach  
  78  6:17  Roach  
  78  6:18  Roach x3  
  86  6:19  Zergling x4  
  86  6:20  Zergling x6  
  91  6:31  Overlord  
  91  6:32  Overlord x3  
  91  6:41  Overlord x4  
  91  6:51  Roach  
  91  6:52  Roach x4  
  101  6:54  Roach  
  101  7:05  Queen  
  101  7:08  Drone x4  
  107  7:09  Drone  
  107  7:10  Drone  
  107  7:11  Hydralisk Den  
  107  7:14  Drone x2  
  110  7:23  Drone x2  
  110  7:24  Drone x5  
  117  7:34  Drone x3  
  116  7:48  Muscular Augments, Hydralisk  
  116  7:49  Hydralisk x5  
  127  8:01  Hydralisk  
  127  8:02  Hydralisk x5  
  139  8:07  Hydralisk x2  
  139  8:11  Hydralisk  
  145  8:13  Overlord  
  145  8:14  Overlord  
  145  8:22  Overlord x2  
  145  8:23  Overlord x2  
  145  8:31  Overlord x3  
  145  8:43  Hydralisk x6  
  145  8:44  Hydralisk  
  159  8:49  Hydralisk  
  159  8:50  Hydralisk x2  
  165  9:03  Hydralisk x4  
  165  9:04  Hydralisk x2  
  177  9:10  Hydralisk x3  
  177  9:11  Hydralisk  
  177  9:16  Roach  
  191  9:17  Roach x2  
  191  9:20  Roach  
  191  9:21  Roach  
  191  9:22  Roach  
  197  9:29  Roach  
Show
View Real Time Build Order
Export as new Build Order

KumikoChan Protoss - Winner!

Build Orders: Nexus First 

Get SALT Encoding   

  12  0:00  Probe (Chrono Boost)  
  13  0:10  Probe (Chrono Boost)  
  14  0:15  Probe (Chrono Boost)  
  15  0:44  Nexus  
  15  0:52  Pylon  
  15  1:10  Probe (Chrono Boost), Forge  
  16  1:21  Probe (Chrono Boost)  
  17  1:29  Pylon  
  17  1:34  Pylon  
  17  1:36  Pylon  
  17  1:48  Photon Cannon  
  17  1:55  Probe (Chrono Boost)  
  19  2:03  Probe (Chrono Boost)  
  19  2:06  Probe (Chrono Boost)  
  19  2:08  Gateway  
  20  2:11  Probe (Chrono Boost)  
  20  2:15  Probe  
  22  2:26  Photon Cannon  
  22  2:27  Probe  
  22  2:28  Probe  
  24  2:36  Assimilator  
  24  2:39  Probe  
  25  2:46  Probe  
  26  2:52  Gateway  
  26  2:53  Probe  
  27  2:59  Cybernetics Core  
  27  3:00  Probe  
  28  3:07  Probe (Chrono Boost), Assimilator  
  28  3:10  Zealot  
  31  3:13  Probe (Chrono Boost)  
  31  3:19  Pylon  
  33  3:23  Probe x2 (Chrono Boost)  
  34  3:28  Probe (Chrono Boost)  
  34  3:30  Probe  
  36  3:35  Warp Gate (Chrono Boost)  
  36  3:39  Probe  
  37  3:42  Probe  
  37  3:43  Assimilator  
  37  3:46  Assimilator  
  38  3:48  Zealot  
  38  3:51  Probe, Zealot  
  43  3:57  Stargate  
  43  3:59  Probe  
  44  4:03  Probe  
  45  4:11  Probe  
  46  4:23  Pylon  
  46  4:25  Stargate  
  46  4:28  Pylon  
  46  4:31  Nexus  
  46  4:35  Pylon  
  46  4:41  Probe x2  
  52  4:48  Void Ray (Chrono Boost)  
  52  4:53  Probe, Stalker  
  52  4:58  Stalker  
  58  5:00  Probe  
  58  5:06  Probe  
  59  5:07  Gateway  
  59  5:10  Pylon  
  63  5:23  Probe  
  63  5:26  Void Ray (Chrono Boost)  
  68  5:34  Probe  
  68  5:35  Probe, Void Ray (Chrono Boost)  
  69  5:36  Shield Battery  
  69  5:41  Photon Cannon  
  70  5:43  Shield Battery  
  70  5:44  Probe  
  70  5:46  Probe  
  72  5:54  Probe  
  72  5:55  Void Ray (Chrono Boost)  
  77  5:57  Pylon  
  77  5:58  Probe  
  82  6:16  Probe x2  
  82  6:17  Stargate  
  84  6:22  Void Ray (Chrono Boost)  
  84  6:23  Stalker x3  
  84  6:24  Probe  
  95  6:33  Probe, Void Ray (Chrono Boost)  
  95  6:34  Probe  
  97  6:40  Protoss Shields Level 1 (Chrono Boost)  
  97  6:44  Protoss Air Weapons Level 1 (Chrono Boost)  
  97  6:45  Probe  
  97  6:46  Probe  
  99  6:49  Assimilator  
  99  7:05  Probe x2  
  99  7:08  Assimilator  
  101  7:13  Photon Cannon  
  101  7:14  Photon Cannon  
  101  7:21  Pylon  
  101  7:23  Nexus  
  101  7:27  Pylon  
  101  7:28  Twilight Council  
  101  7:33  Robotics Facility  
  101  7:36  Twilight Council  
  101  7:39  Probe x2  
  107  7:45  Void Ray  
  107  7:47  Probe  
  112  7:51  Void Ray  
  112  7:52  Pylon  
  112  7:54  Fleet Beacon  
  112  7:59  Void Ray  
  112  8:00  Assimilator  
  112  8:04  Assimilator  
  116  8:09  Probe  
  116  8:10  Probe  
  116  8:11  Probe  
  119  8:15  Pylon  
  119  8:21  Probe  
  119  8:22  Probe, Stalker x2  
  119  8:26  Photon Cannon  
  125  8:29  Photon Cannon  
  125  8:30  Shield Battery  
  125  8:33  Probe x2  
  125  8:34  Probe  
  128  8:36  Probe  
  128  8:40  Pylon  
  129  8:45  Probe x2  
  137  8:48  Probe x2  
  137  8:51  Robotics Bay  
  137  8:54  Carrier (Chrono Boost)  
  139  8:55  Pylon  
  139  8:56  Pylon  
  139  8:57  Probe x2  
  139  9:00  Probe  
  139  9:01  Probe  
  143  9:05  Carrier (Chrono Boost)  
  143  9:09  Probe x2  
  151  9:12  Probe  
  151  9:16  Observer  
  159  9:22  Robotics Facility  
  159  9:25  Probe, Gateway  
  159  9:27  Gateway  
  159  9:28  Stalker x2  
  164  9:31  Stalker  
  166  9:53  Stalker  
  166  9:55  Stalker  
Tags
 
Add a new tag
Caveats
  • Supply blocks, unpowered buildings, or Contaminate may cause inaccurate times.
  • Supply counts are checked every 10 seconds.